 Dungeon Crawl Stone Soup version 0.17.0-56-gd8de76c (webtiles) character file.

722 Krapule the Ducker (level 7, -6/68 HPs)
             Began as a Minotaur Gladiator on Dec 6, 2015.
             Was a Follower of Okawaru.
             Killed from afar by an orc wizard (9 damage)
             ... with a puff of flame
             ... on level 5 of the Dungeon.
             The game lasted 00:21:42 (4527 turns).

Krapule the Ducker (Minotaur Gladiator)             Turns: 4527, Time: 00:21:42

Health: -6/68      AC:  7    Str: 20    XL:     7   Next: 43%
Magic:  7/7        EV: 14    Int:  7    God:    Okawaru [*.....]
Gold:   237        SH:  0    Dex: 10    Spells: 0 memorised, 6 levels left

rFire  x . .     SeeInvis .     a - +0 quarterstaff
rCold  . . .     Clarity  .     w - +2 robe of Pityumu {rElec rF- MR+ Stlth+}
rNeg   . . .     SustAt   .     (shield currently unavailable)
rPois  .         Gourm    .     c - +1 hat
rElec  +         Spirit   .     m - +0 cloak
rCorr  .         Warding  .     (no gloves)
rMut   .         Stasis   .     j - +0 pair of boots
MR     +....                    (no amulet)
Stlth  ++........               (no ring)
                                (no ring)

@: somewhat resistant to hostile enchantments, unstealthy
A: retaliatory headbutt, horns 2, blurry vision 1, robust 1, evolution 1, no
device heal 1
a: Heroism, Renounce Religion


You were on level 5 of the Dungeon.
You worshipped Okawaru.
Okawaru was aware of your devotion.
You were hungry.

You visited 2 branches of the dungeon, and saw 6 of its levels.

You collected 237 gold pieces.

Inventory:

Hand Weapons
 a - a +0 quarterstaff (weapon)
Missiles
 d - 3 throwing nets
 A - 2 tomahawks (quivered)
Armour
 b - a +0 leather armour
 c - a +1 hat (worn)
 j - a +0 pair of boots (worn)
 m - a +0 cloak (worn)
 t - the +3 robe "Arphutoj" {rElec rF- MP-9 Int+5}
   (You found it on level 4 of the Dungeon)

   It affects your intelligence (+5).
   It makes you vulnerable to fire.
   It insulates you from electricity.
   It affects your magic capacity (-9).
 w - the +2 robe of Pityumu (worn) {rElec rF- MR+ Stlth+}
   (You found it on level 4 of the Dungeon)

   It makes you vulnerable to fire.
   It insulates you from electricity.
   It affects your resistance to hostile enchantments.
   It makes you more stealthy.
Wands
 r - a wand of slowing (17)
Scrolls
 g - 8 scrolls of identify
 i - 2 scrolls of remove curse {unknown}
 k - a scroll of teleportation {unknown}
 n - a scroll of fear {unknown}
 o - a scroll of fog {unknown}
 u - a scroll of vulnerability {unknown}
 y - 2 scrolls of magic mapping
Potions
 f - 3 potions of lignification
 l - a potion of heal wounds
 q - a potion of haste {unknown}
 v - a potion of ambrosia
 x - 2 potions of cancellation {unknown}
Comestibles
 e - 5 bread rations
 h - 2 meat rations
 p - 2 beef jerkies
 s - 2 fruits


   Skills:
 + Level 5.7 Fighting
 - Level 4.0 Staves
 - Level 2.0 Throwing
 + Level 5.0 Armour
 + Level 5.8 Dodging
 + Level 2.4 Invocations


You had 6 spell levels left.
You didn't know any spells.

Dungeon Overview and Level Annotations

Branches:
Dungeon (5/15)             Temple (1/1) D:4

Altars:
Dithmenos
Elyvilon
Kikubaaqudgha
Makhleb
Okawaru
Qazlal
Ru
Xom
Zin
The Shining One

Annotations:
D:5 abbott299's ghost, novice HuFi


Innate Abilities, Weirdness & Mutations

You reflexively headbutt those who attack you in melee.
You have a pair of horns on your head.
Scrolls take you a little longer to read.
You are robust (+10% HP).
You evolve.
Potions and wands are less effective at restoring your health.


Message History

The orc priest is moderately wounded.
The orc priest calls down the wrath of Beogh upon you.
Something smites you! Something hits you.
* * * LOW HITPOINT WARNING * * *
You are too injured to fight recklessly!
You are too injured to fight recklessly!
The orc priest mumbles some strange prayers to Beogh against you.
Something smites you!
* * * LOW HITPOINT WARNING * * *
The orc priest hits you with a war axe!
* * * LOW HITPOINT WARNING * * *
There is an open door here.
Things that are here:
a hand axe; an orc corpse; an orc corpse You closely miss the orc priest.
The orc priest is moderately wounded.
You hear some strange, mumbled words.
A puff of flame appears from out of thin air!
The puff of flame hits you! The fire burns you terribly!
You die...

..#....##.....#.....#[...#.....#.
..#...........#.....#....+...>.#.
..'...........#.....#....#.....#.
..#...........#.....#....#.....#.
..##...##..##.#.....#'##.#.....##
####...##..######......#+##'##...
......>#....#...#......#.....#...
.......#....#...#......'.....#...
.......#....#..)@o.....#.....#...
.......#....#...#......#.....#...
.......#....#...#......#.....#...
#########.###...#......#.....###+
###..###.###...#......#.........
#.........#....#......#.....##..
#.........'....#......#..(..##..
#.........#....#......#.........
#.........#....#......#.........


You could see an orc priest.

Vanquished Creatures
  A centaur (D:3)
  An ogre (D:4)
  A phantom (D:5)
  2 scorpions (D:4)
  3 orc priests
  A giant frog zombie (D:5)
  A hound (D:5)
  3 gnolls (D:4)
  2 worker ant zombies
  5 adders
  3 oozes
  4 worms
  3 giant geckos
  9 orcs
  5 bats
  8 giant cockroaches
  6 hobgoblins
  12 jackals
  2 quokkas
  2 ball pythons
  4 giant newts
  8 goblins
  6 kobolds
  9 rats
101 creatures vanquished.

Notes
Turn   | Place    | Note
--------------------------------------------------------------
     0 | D:1      | Krapule the Minotaur Gladiator began the quest for the Orb.
     0 | D:1      | Reached XP level 1. HP: 18/18 MP: 0/0
   347 | D:1      | Reached XP level 2. HP: 23/25 MP: 1/1
   349 | D:1      | Reached skill level 4 in Staves
   534 | D:1      | Reached skill level 1 in Armour
   944 | D:2      | Reached XP level 3. HP: 28/31 MP: 2/2
  1467 | D:2      | Reached XP level 4. HP: 36/38 MP: 3/3
  1621 | D:2      | Gained mutation: Scrolls take you a little longer to read. [potion of mutation]
  1621 | D:2      | Gained mutation: You are robust (+10% HP). [potion of mutation]
  1621 | D:2      | Gained mutation: Potions and wands are less effective at restoring your health. [potion of mutation]
  1834 | D:3      | Gained mutation: You evolve. [potion of beneficial mutation]
  1862 | D:3      | Noticed a centaur
  1872 | D:3      | Killed a centaur
  1872 | D:3      | Reached XP level 5. HP: 21/50 MP: 4/4
  2292 | D:3      | Found a glowing silver altar of Zin.
  2292 | D:3      | Noticed an angel
  2368 | D:3      | Reached skill level 5 in Dodging
  2368 | D:3      | Reached XP level 6. HP: 58/58 MP: 5/5
  2545 | D:4      | Found a staircase to the Ecumenical Temple.
  2570 | Temple   | Entered the Ecumenical Temple
  2694 | Temple   | Became a worshipper of Warmaster Okawaru
  2772 | D:4      | Got a faintly glowing robe
  2783 | D:4      | Identified the +3 robe "Arphutoj" {rElec rF- MP-9 Int+5} (You found it on level 4 of the Dungeon)
  2885 | D:4      | Got an opalescent robe
  2896 | D:4      | Identified the +2 robe of Pityumu {rElec rF- MR+ Stlth+} (You found it on level 4 of the Dungeon)
  2922 | D:4      | Reached skill level 1 in Invocations
  2976 | D:4      | Reached skill level 5 in Fighting
  3394 | D:4      | Reached * piety under Okawaru
  3394 | D:4      | Reached XP level 7. HP: 67/67 MP: 7/7
  3411 | D:4      | Found a shadowy altar of Dithmenos.
  3537 | D:5      | Entered Level 5 of the Dungeon
  3781 | D:5      | Noticed abbott299's ghost (novice HuFi)
  4514 | D:5      | Reached skill level 5 in Armour
  4526 | D:5      | HP: 2/68 [orc priest/war axe (8)]
  4527 | D:5      | Killed from afar by an orc wizard

Action                   |  1- 3 |  4- 6 |  7- 9 || total
-------------------------+-------+-------+-------++-------
Melee: Quarterstaff      |    80 |   150 |    54 ||   284
Throw: Tomahawk          |       |     2 |     2 ||     4
       Throwing net      |       |       |     1 ||     1
  Use: Potion            |       |     8 |       ||     8
       Scroll            |       |     5 |       ||     5
 Stab: Sleeping          |       |       |     1 ||     1
  Eat: Chunk             |     2 |     5 |     4 ||    11
